TOP OF THE 1ST |
San Diego Padres batting - Pitching for Chicago Cubs : RHP Randy Budgell
|
Pitching: RHP Randy Budgell
|
|
Batting: LHB Ryan Flynn Jr.
|
0-0: Called Strike 0-1: Ball 1-1: Ball 2-1: Ground out 4-3 (Groundball, 4, EV 81.9 MPH)
|
Batting: RHB Manny Vergara
|
0-0: Called Strike 0-1: Ball 1-1: Ball 2-1: Ball 3-1: Foul Ball, location: 2F 3-2: Strikes out looking
|
Batting: SHB Phil Zacharia
|
0-0: Called Strike 0-1: Foul Ball, location: 2F 0-2: Strikes out swinging
|
Top of the 1st over - 0 runs, 0 hits, 0 errors, 0 left on base; San Diego 0 - Chicago 0 |
BOTTOM OF THE 1ST |
Chicago Cubs batting - Pitching for San Diego Padres : LHP Gerardo Amendoeira
|
Pitching: LHP Gerardo Amendoeira
|
|
Batting: RHB Yasuhide Kasahara
|
0-0: Ball 1-0: Ball 2-0: Called Strike 2-1: Swinging Strike 2-2: SINGLE (Flyball, 56D, EV 93.1 MPH)
|
Batting: RHB Kaeo Zirpoli
|
0-0: Called Strike 0-1: DOUBLE (Line Drive, 8LXD, EV 99.4 MPH) Yasuhide Kasahara to third
|
Pinch Runner at 2nd Tim Hone:
|
|
Batting: RHB Efrain Vargas
|
0-0: Ball 1-0: Foul Ball, location: 2F 1-1: Swinging Strike 1-2: Ball 2-2: Foul Ball, location: 2F 2-2: Ball 3-2: Base on Balls
|
Batting: RHB Josh Kalman
|
0-0: Swinging Strike 0-1: Foul Ball, location: 2F 0-2: Foul Ball, location: 2F 0-2: Strikes out swinging
|
Batting: LHB Kevin Norton
|
0-0: Ball 1-0: Swinging Strike 1-1: Grounds into double play, U6-3 (Groundball, 4M, EV 103.8 MPH)
|
Bottom of the 1st over - 0 runs, 2 hits, 0 errors, 2 left on base; San Diego 0 - Chicago 0 |
TOP OF THE 2ND |
San Diego Padres batting - Pitching for Chicago Cubs : RHP Randy Budgell
|
Now in CF: Kevin Norton
|
|
Now in RF: Tim Hone
|
|
Batting: SHB Jerry Luckwell
|
0-0: Ball 1-0: Ball 2-0: Swinging Strike 2-1: Foul Ball, location: 2F 2-2: Fly out, F8 (Line Drive, 8LD, EV 98.8 MPH)
|
Batting: LHB Mike Holt
|
0-0: Ball 1-0: Ball 2-0: Ball 3-0: Called Strike 3-1: Foul Ball, location: 2F 3-2: Fly out, F5 (Popup, 5S, EV 86.2 MPH)
|
Batting: RHB Chiel Palstermans
|
0-0: Ball 1-0: Ball 2-0: Called Strike 2-1: Called Strike 2-2: Foul Ball, location: 2F 2-2: Ground out 1-3 (Groundball, 13S, EV 70.6 MPH)
|
Top of the 2nd over - 0 runs, 0 hits, 0 errors, 0 left on base; San Diego 0 - Chicago 0 |
BOTTOM OF THE 2ND |
Chicago Cubs batting - Pitching for San Diego Padres : LHP Gerardo Amendoeira
|
Batting: SHB Terry Tuckfard
|
0-0: Called Strike 0-1: Foul Ball, location: 2F 0-2: Foul Ball, location: 2F 0-2: Ball 1-2: Ball 2-2: Ball 3-2: SOLO HOME RUN (Line Drive, 89XD, EV 110.6 MPH), Distance : 414 ft
|
Batting: RHB Elijah Campbell
|
0-0: Ball 1-0: SINGLE (Groundball, 6MD, EV 101.9 MPH)
|
Batting: RHB Will Leslie
|
0-0: SINGLE (Groundball, 56S, EV 70.6 MPH) (infield hit) Elijah Campbell to second
|
Batting: SHB Seung-ho Zhang
|
0-0: Bunted foul 0-1: Sac Bunt to 13 - play at first, batter OUT! 1-4 Elijah Campbell to third Will Leslie to second
|
Batting: RHB Yasuhide Kasahara
|
0-0: Called Strike 0-1: Swinging Strike 0-2: Strikes out looking
|
Batting: SHB Tim Hone
|
0-0: Swinging Strike 0-1: Ball 1-1: Ball 2-1: Ball 3-1: Swinging Strike 3-2: Strikes out swinging
|
Bottom of the 2nd over - 1 run, 3 hits, 0 errors, 2 left on base; San Diego 0 - Chicago 1 |
TOP OF THE 3RD |
San Diego Padres batting - Pitching for Chicago Cubs : RHP Randy Budgell
|
Batting: LHB Aaron LeBlanc
|
0-0: Ball 1-0: Ground out 4-3 (Groundball, 4, EV 89.4 MPH)
|
Batting: RHB Jorge Severiano
|
0-0: Foul Ball, location: 2F 0-1: Foul Ball, location: 2F 0-2: Ball 1-2: Strikes out looking
|
Batting: SHB Rich Chavez
|
0-0: Ball 1-0: Called Strike 1-1: SINGLE (Groundball, 25, EV 76.9 MPH) (infield hit)
|
Batting: LHB Ryan Flynn Jr.
|
0-0: Fly out, F8 (Flyball, 8LD, EV 85.0 MPH)
|
Top of the 3rd over - 0 runs, 1 hit, 0 errors, 1 left on base; San Diego 0 - Chicago 1 |
BOTTOM OF THE 3RD |
Chicago Cubs batting - Pitching for San Diego Padres : LHP Gerardo Amendoeira
|
Batting: RHB Efrain Vargas
|
0-0: Ball 1-0: Foul Ball, location: 2F 1-1: Foul Ball, location: 2F 1-2: Foul Ball, location: 2F 1-2: Foul Ball, location: 2F 1-2: Ball 2-2: Ball 3-2: Foul Ball, location: 2F 3-2: Foul Ball, location: 2F 3-2: Base on Balls
|
Batting: RHB Josh Kalman
|
0-0: Ball 1-0: Fly out, F8 (Flyball, 78M, EV 95.0 MPH)
|
Batting: LHB Kevin Norton
|
0-0: Called Strike 0-1: Swinging Strike 0-2: Ball 1-2: Ball 2-2: Ball 3-2: Foul Ball, location: 2F 3-2: SINGLE (Flyball, 6D, EV 92.5 MPH) Efrain Vargas to second Efrain Vargas to third
|
Batting: SHB Terry Tuckfard
|
0-0: Ball 1-0: Called Strike 1-1: Called Strike 1-2: Fly out, F3 (Popup, 3SF, EV 60.6 MPH)
|
Batting: RHB Elijah Campbell
|
0-0: Ball 1-0: Foul Ball, location: 2F 1-1: 3-RUN HOME RUN (Flyball, 78XD, EV 106.9 MPH), Distance : 384 ft
|
Batting: RHB Will Leslie
|
0-0: Swinging Strike 0-1: Ball 1-1: Ball 2-1: Called Strike 2-2: Strikes out swinging, 2-3 out at first.
|
Bottom of the 3rd over - 3 runs, 2 hits, 0 errors, 0 left on base; San Diego 0 - Chicago 4 |
TOP OF THE 4TH |
San Diego Padres batting - Pitching for Chicago Cubs : RHP Randy Budgell
|
Batting: RHB Manny Vergara
|
0-0: Foul Ball, location: 2F 0-1: Ball 1-1: Foul Ball, location: 2F 1-2: Ball 2-2: Foul Ball, location: 2F 2-2: Ball 3-2: Strikes out swinging
|
Batting: SHB Phil Zacharia
|
0-0: Foul Ball, location: 2F 0-1: Ball 1-1: Foul Ball, location: 2F 1-2: Ball 2-2: Ground out 5-3 (Groundball, 56, EV 85.6 MPH)
|
Batting: SHB Jerry Luckwell
|
0-0: Foul Ball, location: 2F 0-1: Ball 1-1: Ball 2-1: Ground out 6-3 (Groundball, 6, EV 100.0 MPH)
|
Top of the 4th over - 0 runs, 0 hits, 0 errors, 0 left on base; San Diego 0 - Chicago 4 |
BOTTOM OF THE 4TH |
Chicago Cubs batting - Pitching for San Diego Padres : LHP Gerardo Amendoeira
|
Batting: SHB Seung-ho Zhang
|
0-0: Called Strike 0-1: Ball 1-1: Ball 2-1: SINGLE (Groundball, 56S, EV 96.9 MPH)
|
Batting: RHB Yasuhide Kasahara
|
0-0: Ball 1-0: Ball 2-0: Foul Ball, location: 2F 2-1: Fielders Choice at 2nd, 5-4 (Groundball, 56, EV 83.1 MPH)
|
Batting: SHB Tim Hone
|
0-0: Ball 1-0: Ball 2-0: Foul Ball, location: 2F 2-1: Foul Ball, location: 2F 2-2: 2-RUN HOME RUN (Flyball, 78XD, EV 98.1 MPH), Distance : 381 ft
|
Pitching: RHP Bobby Mauk
|
|
Batting: RHB Efrain Vargas
|
0-0: SOLO HOME RUN (Flyball, 9D, EV 101.2 MPH), Distance : 388 ft
|
Batting: RHB Josh Kalman
|
0-0: Ball 1-0: Foul Ball, location: 2F 1-1: Ball 2-1: Called Strike 2-2: Fly out, F7 (Flyball, 78S, EV 91.2 MPH)
|
Batting: LHB Kevin Norton
|
0-0: Ball 1-0: Ball 2-0: Called Strike 2-1: Ball 3-1: Foul Ball, location: 2F 3-2: Base on Balls
|
Batting: SHB Terry Tuckfard
|
0-0: Called Strike 0-1: Ball 1-1: Ball 2-1: Swinging Strike 2-2: Foul Ball, location: 2F 2-2: Ball 3-2: Strikes out swinging
|
Bottom of the 4th over - 3 runs, 3 hits, 0 errors, 1 left on base; San Diego 0 - Chicago 7 |
TOP OF THE 5TH |
San Diego Padres batting - Pitching for Chicago Cubs : RHP Randy Budgell
|
Batting: LHB Mike Holt
|
0-0: Called Strike 0-1: Ball 1-1: Ball 2-1: Called Strike 2-2: TRIPLE (Flyball, 78XD, EV 95.0 MPH)
|
Batting: RHB Chiel Palstermans
|
0-0: Ball 1-0: Called Strike 1-1: Fly out, F8 (Flyball, 8RD, EV 86.2 MPH) Runner from 3rd tags up, SCORES, no throw by CF
|
Batting: LHB Aaron LeBlanc
|
0-0: SINGLE (Line Drive, 9S, EV 100.6 MPH)
|
Batting: RHB Jorge Severiano
|
0-0: Called Strike 0-1: Ball 1-1: Swinging Strike 1-2: Foul Ball, location: 2F 1-2: SINGLE (Line Drive, 56D, EV 96.9 MPH) Aaron LeBlanc to second
|
Batting: SHB Rich Chavez
|
0-0: Ball 1-0: Ball 2-0: Grounds into double play, U5-3 (Groundball, 5L, EV 88.8 MPH)
|
Top of the 5th over - 1 run, 3 hits, 0 errors, 1 left on base; San Diego 1 - Chicago 7 |
BOTTOM OF THE 5TH |
Chicago Cubs batting - Pitching for San Diego Padres : RHP Bobby Mauk
|
Batting: RHB Elijah Campbell
|
0-0: Ball 1-0: Called Strike 1-1: Ball 2-1: Ball 3-1: Called Strike 3-2: Foul Ball, location: 2F 3-2: Fly out, F8 (Flyball, 8LS, EV 86.9 MPH)
|
Batting: RHB Will Leslie
|
0-0: Called Strike 0-1: Foul Ball, location: 2F 0-2: Ball 1-2: Foul Ball, location: 2F 1-2: Ball 2-2: Foul Ball, location: 2F 2-2: Ball 3-2: Foul Ball, location: 2F 3-2: Foul Ball, location: 2F 3-2: Foul Ball, location: 2F 3-2: Fly out, F9 (Flyball, 89D, EV 95.6 MPH)
|
Batting: SHB Seung-ho Zhang
|
0-0: Ground out 6-3 (Groundball, 6, EV 83.1 MPH)
|
Bottom of the 5th over - 0 runs, 0 hits, 0 errors, 0 left on base; San Diego 1 - Chicago 7 |
TOP OF THE 6TH |
San Diego Padres batting - Pitching for Chicago Cubs : RHP Randy Budgell
|
Batting: LHB Ryan Flynn Jr.
|
0-0: Ball 1-0: Ball 2-0: Swinging Strike 2-1: Swinging Strike 2-2: Ball 3-2: Foul Ball, location: 2F 3-2: Strikes out swinging
|
Batting: RHB Manny Vergara
|
0-0: Ball 1-0: Ball 2-0: Ball 3-0: Base on Balls
|
Batting: SHB Phil Zacharia
|
0-0: Swinging Strike 0-1: SINGLE (Groundball, 56S, EV 62.5 MPH) (infield hit) Manny Vergara to second
|
Batting: SHB Jerry Luckwell
|
0-0: Foul Ball, location: 2F 0-1: Swinging Strike 0-2: Ball 1-2: Fly out, F8 (Flyball, 8LM, EV 86.9 MPH)
|
Batting: LHB Mike Holt
|
0-0: Called Strike 0-1: Ball 1-1: Ball 2-1: Swinging Strike 2-2: Foul Ball, location: 2F 2-2: Foul Ball, location: 2F 2-2: Strikes out swinging
|
Top of the 6th over - 0 runs, 1 hit, 0 errors, 2 left on base; San Diego 1 - Chicago 7 |
BOTTOM OF THE 6TH |
Chicago Cubs batting - Pitching for San Diego Padres : RHP Bobby Mauk
|
Batting: RHB Yasuhide Kasahara
|
0-0: Called Strike 0-1: Ball 1-1: DOUBLE (Line Drive, 7LM, EV 89.4 MPH)
|
Batting: SHB Tim Hone
|
0-0: Fly out, F7 (Flyball, 7, EV 79.4 MPH) Runner from 2nd tags up, SAFE at 3rd with throw by LF
|
Batting: RHB Efrain Vargas
|
0-0: Ball 1-0: Called Strike 1-1: Foul Ball, location: 2F 1-2: Ball 2-2: Ball 3-2: Foul Ball, location: 2F 3-2: Fly out, F4 (Popup, 3S, EV 76.9 MPH)
|
Batting: RHB Josh Kalman
|
0-0: Ball 1-0: Called Strike 1-1: Foul Ball, location: 2F 1-2: Ball 2-2: Ball 3-2: SINGLE (Groundball, 34D, EV 104.4 MPH) Yasuhide Kasahara scores
|
Batting: LHB Kevin Norton
|
0-0: Called Strike 0-1: Foul Ball, location: 2F 0-2: SINGLE (Groundball, 6D, EV 105.0 MPH) Josh Kalman to second Runner from 2nd tries for 3rd, SAFE, throw by CF made to third
|
Batting: SHB Terry Tuckfard
|
0-0: Foul Ball, location: 2F 0-1: Foul Ball, location: 2F 0-2: Ball 1-2: Foul Ball, location: 2F 1-2: Ball 2-2: Fly out, F8 (Flyball, 8RXD, EV 96.9 MPH)
|
Bottom of the 6th over - 1 run, 3 hits, 0 errors, 2 left on base; San Diego 1 - Chicago 8 |
TOP OF THE 7TH |
San Diego Padres batting - Pitching for Chicago Cubs : RHP Randy Budgell
|
Batting: RHB Chiel Palstermans
|
0-0: Called Strike 0-1: Ball 1-1: Ball 2-1: Ball 3-1: Base on Balls
|
Pitching: RHP Steve DiDomenico
|
|
Batting: LHB Aaron LeBlanc
|
0-0: Ball Wild Pitch! Chiel Palstermans to second 1-0: Called Strike 1-1: Fly out, F8 (Flyball, 8LM, EV 90.6 MPH)
|
Batting: RHB Jorge Severiano
|
0-0: Called Strike 0-1: Ball 1-1: Fly out, F7 (Flyball, 7, EV 88.1 MPH)
|
Batting: SHB Rich Chavez
|
0-0: Ball 1-0: Swinging Strike 1-1: Called Strike 1-2: SINGLE (Groundball, 4MD, EV 103.1 MPH) Chiel Palstermans to third Runner from 3rd tries for Home, SAFE, throw by CF to home
|
Batting: LHB Ryan Flynn Jr.
|
0-0: Ball 1-0: Called Strike 1-1: Ball 2-1: Called Strike 2-2: Foul Ball, location: 2F 2-2: DOUBLE (Flyball, 78XD, EV 101.9 MPH) Rich Chavez to third Runner from 3rd tries for Home, SAFE, throw by CF to home
|
Batting: RHB Manny Vergara
|
0-0: Called Strike 0-1: Foul Ball, location: 2F 0-2: Strikes out swinging
|
Top of the 7th over - 2 runs, 2 hits, 0 errors, 1 left on base; San Diego 3 - Chicago 8 |
BOTTOM OF THE 7TH |
Chicago Cubs batting - Pitching for San Diego Padres : RHP Bobby Mauk
|
Pitching: LHP Yuri Thra
|
|
Batting: RHB Elijah Campbell
|
0-0: Swinging Strike 0-1: Ball 1-1: Foul Ball, location: 2F 1-2: Ball 2-2: Ball 3-2: Foul Ball, location: 2F 3-2: Base on Balls
|
Batting: RHB Will Leslie
|
0-0: Ball 1-0: Swinging Strike 1-1: Foul Ball, location: 2F 1-2: Strikes out swinging
|
Batting: SHB Seung-ho Zhang
|
0-0: Called Strike 0-1: Ball 1-1: SINGLE (Line Drive, 78S, EV 108.8 MPH) Elijah Campbell to second
|
Batting: RHB Yasuhide Kasahara
|
0-0: Ball 1-0: Ball 2-0: Ball 3-0: Called Strike 3-1: Base on Balls Elijah Campbell to third Seung-ho Zhang to second
|
Batting: SHB Tim Hone
|
0-0: Called Strike 0-1: Reached on error, E6 (Groundball, 6, EV 82.5 MPH) Elijah Campbell scores Seung-ho Zhang to third Yasuhide Kasahara to second
|
Batting: RHB Efrain Vargas
|
0-0: Foul Ball, location: 2F 0-1: Ball 1-1: Swinging Strike 1-2: Strikes out swinging
|
Batting: RHB Josh Kalman
|
0-0: Ball 1-0: Ball 2-0: Called Strike 2-1: Swinging Strike 2-2: Strikes out swinging
|
Bottom of the 7th over - 1 run, 1 hit, 1 error, 3 left on base; San Diego 3 - Chicago 9 |
TOP OF THE 8TH |
San Diego Padres batting - Pitching for Chicago Cubs : RHP Steve DiDomenico
|
Batting: SHB Phil Zacharia
|
0-0: Ball 1-0: Ball 2-0: Foul Ball, location: 2F 2-1: Foul Ball, location: 2F 2-2: Foul Ball, location: 2F 2-2: Ball 3-2: SINGLE (Flyball, 4MD, EV 81.2 MPH)
|
Batting: SHB Jerry Luckwell
|
0-0: Called Strike 0-1: Ground out 4-3 (Groundball, 34D, EV 100.0 MPH) Phil Zacharia to second
|
Batting: LHB Mike Holt
|
0-0: Ball 1-0: Ball 2-0: Ball 3-0: Called Strike 3-1: DOUBLE (Flyball, 7LD, EV 102.5 MPH) Phil Zacharia scores
|
Batting: RHB Chiel Palstermans
|
0-0: Ball 1-0: Foul Ball, location: 2F 1-1: Ball 2-1: Ball 3-1: Foul Ball, location: 2F 3-2: Foul Ball, location: 2F 3-2: Foul Ball, location: 2F 3-2: Base on Balls
|
Batting: LHB Aaron LeBlanc
|
0-0: Ball 1-0: Ground out 6-3 (Groundball, 4MS, EV 66.9 MPH) Mike Holt to third Chiel Palstermans to second
|
Batting: RHB Jorge Severiano
|
0-0: Ball 1-0: Ball 2-0: Foul Ball, location: 2F 2-1: Ground out 5-3 (Groundball, 56, EV 94.4 MPH)
|
Top of the 8th over - 1 run, 2 hits, 0 errors, 2 left on base; San Diego 4 - Chicago 9 |
BOTTOM OF THE 8TH |
Chicago Cubs batting - Pitching for San Diego Padres : LHP Yuri Thra
|
Batting: LHB Kevin Norton
|
0-0: Called Strike 0-1: Ball 1-1: Ball 2-1: Ball 3-1: Foul Ball, location: 2F 3-2: Ground out 4-3 (Groundball, 13, EV 91.2 MPH)
|
Batting: SHB Terry Tuckfard
|
0-0: Ball 1-0: Ball 2-0: Called Strike 2-1: Ground out 1-3 (Groundball, 13S, EV 62.5 MPH)
|
Batting: RHB Elijah Campbell
|
0-0: Ball 1-0: Ball 2-0: Ball 3-0: Called Strike 3-1: Ground out 5-3 (Groundball, 5S, EV 81.2 MPH)
|
Bottom of the 8th over - 0 runs, 0 hits, 0 errors, 0 left on base; San Diego 4 - Chicago 9 |
TOP OF THE 9TH |
San Diego Padres batting - Pitching for Chicago Cubs : RHP Steve DiDomenico
|
Batting: SHB Rich Chavez
|
0-0: Called Strike 0-1: Ground out 6-3 (Groundball, 4M, EV 83.1 MPH)
|
Batting: LHB Ryan Flynn Jr.
|
0-0: Foul Ball, location: 2F 0-1: Fly out, F8 (Flyball, 89M, EV 83.1 MPH)
|
Batting: RHB Manny Vergara
|
0-0: SINGLE (Line Drive, 89S, EV 105.0 MPH)
|
Batting: SHB Phil Zacharia
|
0-0: Ball 1-0: Ground out 4-3 (Groundball, 4, EV 98.1 MPH)
|
Top of the 9th over - 0 runs, 1 hit, 0 errors, 1 left on base; San Diego 4 - Chicago 9 |
|